 Dungeon Crawl Stone Soup version 0.29.1-2-gbd0b4ee654 (webtiles) character file.

Game seed: 11202128761639353408

3181 KittyFluff the Basher (level 9, 0/55 HPs)
             Began as a Gargoyle Berserker on Nov 12, 2022.
             Was an Elder of Trog.
             Slain by a skeletal warrior
             ... wielding a +0 short sword
              (16 damage)
             ... on level 7 of the Dungeon.
             The game lasted 00:35:26 (5955 turns).

KittyFluff the Basher (Gargoyle Berserker)          Turns: 5955, Time: 00:35:26

Health: 0/55       AC: 13    Str: 33    XL:     9   Next: 95%
Magic:  9/9        EV: 13    Int: 11    God:    Trog [****..]
Gold:   439        SH:  5    Dex: 13    Spells: 8/8 levels left

rFire   . . .      SeeInvis .   b - +8 hammer "Mypeavun" {vorpal, Int+3 Stlth+}
rCold   + + .      Faith    .   M - +0 buckler {rC+}
rNeg    + . .      Spirit   .   R - +2 robe {rC+}
rPois   ∞          Reflect  .   (no helmet)
rElec   +          Harm     .   F - +0 cloak
rCorr   .          Rampage  .   L - +0 pair of gloves
Will    .....                   (no boots)
Stlth   ++++......              l - amulet of regeneration
HPRegen 0.98/turn               K - +6 ring of strength
MPRegen 0.11/turn               t - +6 ring of strength

@: about to teleport
A: sickness immunity, AC +6, negative energy resistance 1, electricity
resistance, torment resistance 1, petrification resistance
a: Renounce Religion, Berserk, Trog's Hand, Brothers in Arms


You were on level 7 of the Dungeon.
You worshipped Trog.
Trog was greatly pleased with you.
You visited 1 branch of the dungeon, and saw 7 of its levels.

You collected 439 gold pieces.

Inventory:

Hand Weapons
 b - the +8 hammer "Mypeavun" (weapon) {vorpal, Int+3 Stlth+}
   (You found it on level 4 of the Dungeon)

   It inflicts extra damage upon your enemies.
   Int:       It affects your intelligence (+3).
   Stlth:     It makes you more stealthy.
 D - the +7 hammer of Cheibriados's Approval {vorpal, rF- rN+ Str+5}
   (You found it on level 4 of the Dungeon)

   It inflicts extra damage upon your enemies.
   Str:       It affects your strength (+5).
   rF:        It makes you vulnerable to fire.
   rN:        It protects you from negative energy.
 E - a +4 quarterstaff of chaos
 T - a +1 shortbow of flaming
Missiles
 h - 2 javelins
 u - 8 boomerangs (quivered)
 G - a throwing net
 H - 18 poisoned darts
 S - 2 silver boomerangs
Armour
 n - the +5 ring mail "Sureotar" {Int+4 Dex+2}
   (You found it on level 6 of the Dungeon)

   Int:       It affects your intelligence (+4).
   Dex:       It affects your dexterity (+2).
 F - a +0 cloak (worn)
 L - a +0 pair of gloves (worn)
 M - a +0 buckler of cold resistance (worn)
 Q - +0 steam dragon scales
 R - a +2 robe of cold resistance (worn)
Jewellery
 l - an amulet of regeneration (around neck)
 r - a ring of see invisible
 t - a +6 ring of strength (right hand)
 v - a +6 ring of dexterity
 x - a +6 ring of intelligence
 K - a +6 ring of strength (left hand)
 N - a ring of flight
 U - a ring of protection from cold
Wands
 P - a wand of flame (7)
Scrolls
 a - 3 scrolls of blinking {unknown}
 c - 2 scrolls of immolation
 d - 3 scrolls of amnesia
 e - 3 scrolls of teleportation
 f - a scroll of noise {unknown}
 g - 2 scrolls of silence
 j - a scroll of poison {unknown}
 m - 2 scrolls of brand weapon {unknown}
 p - 2 scrolls of acquirement
 y - a scroll of enchant weapon {unknown}
 C - a scroll of enchant armour {unknown}
 O - a scroll of identify
Potions
 i - 2 potions of heal wounds
 k - 3 potions of curing
 o - 2 potions of haste
 q - a potion of attraction {unknown}
 s - 2 potions of lignification {unknown}
 w - 4 potions of might {unknown}
 z - a potion of invisibility {unknown}
 A - a potion of cancellation {unknown}
 B - a potion of flight {unknown}
 I - a potion of ambrosia {unknown}
 J - a potion of brilliance {unknown}


   Skills:
 + Level 6.0 Fighting
 + Level 8.7 Maces & Flails
 * Level 6.8 Armour
 + Level 4.3 Dodging
 + Level 4.8 Stealth
 * Level 4.7 Shields


You had 8 spell levels left.
You didn't know any spells.
Your spell library contained the following spells:

 Spells                   Type           Power      Damage    Failure   Level
 Sandblast                Erth           0%         2d4       41%         1
 Passwall                 Tmut/Erth      0%         N/A       56%         2
 Stone Arrow              Conj/Erth      0%         3d7       80%         3


Dungeon Overview and Level Annotations

Branches:
Dungeon (7/15)             Temple (0/1) D:4

Altars:
Hepliaklqana
Qazlal
Ru
Sif Muna
Uskayaw
Yredelemnul
The Shining One

Shops:
D:2 :

Annotations:
D:6 2 transporters, styxcanada's ghost, novice SpBr


Innate Abilities, Weirdness & Mutations

You are immune to sickness and miasma.
Your stone body is resilient. (AC +6)
You are immune to poison.
You resist negative energy. (rN+)
You are resistant to electric shocks. (rElec)
You are resistant to unholy torment.
You are immune to petrification.


Message History

The skeletal warrior hits you but does no damage.
The kobold demonologist begins to cast a cantrip, but forgets the words!
The skeletal warrior hits you with a +0 short sword.
You closely miss the skeletal warrior.
The skeletal warrior is moderately damaged.
You hit the skeletal warrior but do no damage.
The skeletal warrior is moderately damaged.
You block the skeletal warrior's attack.
You barely miss the skeletal warrior.
The skeletal warrior is moderately damaged.
The skeletal warrior hits you with a +0 short sword!
You hit the skeletal warrior but do no damage.
The skeletal warrior is moderately damaged.
The skeletal warrior hits you with a +0 short sword.
You hit the skeletal warrior.
The skeletal warrior is moderately damaged.
The kobold demonologist gestures wildly while chanting.
The skeletal warrior barely misses you.
You closely miss the skeletal warrior.
The skeletal warrior is moderately damaged.
The kobold demonologist casts a cantrip, but nothing happens.
The skeletal warrior hits you with a +0 short sword!
Throw: 8 boomerangs
Press: ? - help, Q - select action, (/) - cycle Shift-Dir - straight line, f - skeletal warrior
Aim: a skeletal warrior, wielding a +0 short sword (moderately damaged, 60% to hit)
Okay, then.
This is a scroll of acquirement!
As you read the scroll labelled LOESAO HUDEOW, it crumbles to dust.
It is a scroll of amnesia.
You feel forgetful for a moment.
The skeletal warrior hits you with a +0 short sword.
As you read the scroll labelled WURPHOHESEZ, it crumbles to dust.
You feel strangely unstable.
It was a scroll of teleportation.
The skeletal warrior hits you with a +0 short sword.
* * * LOW HITPOINT WARNING * * *
The kobold demonologist begins to cast a cantrip, but forgets the words!
You barely miss the skeletal warrior.
The skeletal warrior is moderately damaged.
The skeletal warrior hits you with a +0 short sword!
You die...

........### ......###..
....###...o ## ..###....# 5 ###
......F# C#5... # ..###....#
###KJu# ## ....###.... #u5#
####.# #. #.....###... #z##
###..#..###. #..<....###..###@#
###....#......
##....#...###..#.###.#.#.##......
#.#..###...##..###.#.#)#.#......
####.#####..###..........#......
#..## ##...####.#.#.#.#......
##..# ###...###.#.#.##......
##.## ###...###....#...... #..##
##....###..#...... ##..#
#.#....###.......


You could see a white ugly thing, a skeletal warrior, a cyclops, a kobold
demonologist, a shadow imp (summoned) and an ufetubus (summoned).

Vanquished Creatures
  Sigmund (D:6)
  2 steam dragons
  2 water moccasins (D:6)
  3 black bears
  3 ice beasts (D:6)
  2 sky beasts
  2 ogres (D:4)
  2 phantoms (D:5)
  4 bullfrogs
  A necrophage (D:5)
  2 scorpions
  4 killer bees (D:7)
  4 howler monkeys
  A jelly (D:7)
  Crazy Yiuf (D:4)
  A gnoll bouda (D:5)
  4 orc priests
  A hound (D:7)
  5 iguanas
  6 orc wizards
  9 adders
  5 gnolls (D:5)
  A shadow imp (D:5)
  A worm (D:3)
  3 dart slugs
  30 orcs
  2 bats
  8 endoplasms
  3 giant cockroaches
  10 goblins
  8 hobgoblins
  6 jackals
  3 kobolds
  3 quokkas
  4 ball pythons
  2 frilled lizards (D:3)
  6 rats
155 creatures vanquished.

Vanquished Creatures (others)
  An orc wizard (D:7)
1 creature vanquished.

Grand Total: 156 creatures vanquished

Notes
Turn   | Place    | Note
-------+----------+-------------------------------------------
     0 | D:1      | KittyFluff the Gargoyle Berserker began the quest for the
                  | Orb.
     0 | D:1      | Reached XP level 1. HP: 14/14 MP: 1/1
    94 | D:1      | Reached XP level 2. HP: 7/19 MP: 2/2
   928 | D:2      | Reached XP level 3. HP: 18/23 MP: 3/3
   973 | D:2      | Found a hazy altar of Hepliaklqana.
  1216 | D:2      | Reached XP level 4. HP: 29/29 MP: 4/4
  1311 | D:2      | Found Vedeceng's Vocational Training.
  1468 | D:2      | Reached ** piety under Trog
  1769 | D:3      | Reached skill level 4 in Maces & Flails
  1975 | D:3      | Found a hide-covered altar of Uskayaw.
  1990 | D:3      | Reached XP level 5. HP: 31/33 MP: 5/5
  2008 | D:3      | Found a sacrificial altar of Ru.
  2508 | D:4      | Noticed an ogre
  2517 | D:4      | Killed an ogre
  2518 | D:4      | Reached skill level 1 in Stealth
  2518 | D:4      | Reached XP level 6. HP: 7/38 MP: 6/6
  2661 | D:4      | Identified the +7 hammer of Cheibriados's Approval {vorpal,
                  | rF- rN+ Str+5}
  2680 | D:4      | Found a runed translucent door.
  2681 | D:4      | Noticed Crazy Yiuf
  2687 | D:4      | Killed Crazy Yiuf
  2691 | D:4      | Identified the +8 hammer "Mypeavun" {vorpal, Int+3 Stlth+}
  2740 | D:4      | Reached skill level 5 in Maces & Flails
  2759 | D:4      | Found a basalt altar of Yredelemnul.
  2772 | D:4      | Reached XP level 7. HP: 24/44 MP: 7/7
  2870 | D:4      | Found a staircase to the Ecumenical Temple.
  3160 | D:5      | Entered Level 5 of the Dungeon
  3259 | D:5      | Found a glowing golden altar of the Shining One.
  3309 | D:5      | Reached *** piety under Trog
  3527 | D:5      | Reached skill level 6 in Maces & Flails
  3544 | D:5      | Reached skill level 1 in Shields
  3560 | D:5      | Reached XP level 8. HP: 48/48 MP: 8/8
  3689 | D:5      | Reached skill level 5 in Fighting
  3729 | D:5      | Reached skill level 5 in Armour
  3737 | D:5      | Found a stormy altar of Qazlal.
  4221 | D:6      | Found a shimmering blue altar of Sif Muna.
  4252 | D:6      | Reached skill level 7 in Maces & Flails
  4395 | D:6      | Noticed a vampire
  4405 | D:6      | Noticed styxcanada's ghost (novice SpBr)
  4414 | D:6      | Reached XP level 9. HP: 54/54 MP: 9/9
  4428 | D:6      | Found a transporter.
  4440 | D:6      | Found a transporter.
  4448 | D:6      | Noticed Sigmund
  4456 | D:6      | Killed Sigmund
  4482 | D:6      | Identified the +5 ring mail "Sureotar" {Int+4 Dex+2}
  4518 | D:6      | Reached **** piety under Trog
  4534 | D:6      | Reached skill level 8 in Maces & Flails
  5933 | D:7      | Noticed a white ugly thing
  5933 | D:7      | Noticed a skeletal warrior
  5934 | D:7      | Noticed a cyclops
  5934 | D:7      | Noticed a kobold demonologist
  5935 | D:7      | Noticed a white ugly thing
  5953 | D:7      | Identified 2 scrolls of acquirement
  5955 | D:7      | Slain by a skeletal warrior

Illustrated notes

Levels and vault maps discovered:
D:1:      dpeg_arrival_tiny_b, layout_loops_ring
D:2:      layout_basic, basic_altar, nicolae_shop_vocational
D:3:      layout_basic, nicolae_overflow_squiral, minmay_misc_feat_enclosed,
          chequers_serial_rivers_room_a, amcnicky_mini_rare_corridor_liquid,
          chequers_jeans
D:4:      layout_cave_pools, yredelemnul_altar_generic,
          minmay_temple_entry_junction, st_stairs_7, uniq_crazy_yiuf_cottage
D:5:      layout_rooms, general_overflow_altar, mainiacjoe_overflow_paths
D:6:      layout_loops_corners, nicolae_sif_muna_condensation,
          gammafunk_ghost_arena, uniq_sigmund
D:7:      minmay_the_grid_triangle_9x9_recursive_2
          [minmay_the_grid_triangle_9x9_prize_center,
          minmay_the_grid_triangle_9x9_steps,
          minmay_the_grid_triangle_9x9_zippers_vertical,
          minmay_the_grid_triangle_9x9_negative_grid], layout_cave_pods,
          grunt_tough_drop

Skill      XL: |  1  2  3  4  5  6  7  8  9 |
---------------+----------------------------+-----
Dodging        | 2 3 4 |  4.3
Maces & Flails | 4 5 6 7 8 |  8.7
Armour         | 3 4 5 6 |  6.8
Fighting       | 4 5 6 |  6.0
Stealth        | 1 2 3 4 |  4.8
Shields        | 1 3 4 |  4.7

Action                   |  1- 3 |  4- 6 |  7- 9 || total
-------------------------+-------+-------+-------++-------
Melee: Mace              |    88 |   140 |   241 ||   469
       Punch             |       |     3 |       ||     3
Invok: Berserk           |     1 |     3 |     2 ||     6
  Use: Scroll            |       |     5 |     2 ||     7
 Stab: Sleeping          |       |     3 |     6 ||     9
Armor: Animal skin       |    35 |    48 |       ||    83
       Leather armour    |       |       |    64 ||    64
       Robe              |       |       |    48 ||    48
Dodge: Dodged            |    41 |    98 |   111 ||   250
Block: Buckler           |       |       |    35 ||    35
